 Dungeon Crawl Stone Soup version 0.18.1-50-g88ac8fd (webtiles) character file.

1706 lorenzova the Skirmisher (level 8, -13/81 HPs)
             Began as a Deep Dwarf Fighter on Oct 11, 2016.
             Was an Initiate of Makhleb.
             Killed by divine providence
             ... invoked by an orc priest
              (16 damage)
             ... on level 7 of the Dungeon.
             The game lasted 00:12:55 (4973 turns).

lorenzova the Skirmisher (Deep Dwarf Fighter)       Turns: 4973, Time: 00:12:56

Health: -13/81     AC: 13    Str: 22    XL:     8   Next: 73%
Magic:  7/7        EV:  3    Int:  9    God:    Makhleb [......]
Gold:   227        SH: 11    Dex: 12    Spells: 0 memorised, 7 levels left

rFire  . . .     SeeInvis +     a - +0 war axe
rCold  . . .     Gourm    .     b - +0 scale mail
rNeg   . . .     Faith    .     c - +0 shield
rPois  .         Spirit   .     i - +0 helmet
rElec  .         Dismiss  .     s - +0 cloak
rCorr  .         Reflect  .     q - +0 pair of gloves
SustAt .         Harm     +     k - +0 pair of boots
MR     +....                    o - amulet of harm
Stlth  ..........               v - ring of see invisible
                                u - ring of wizardry

@: non-regenerating, somewhat resistant to hostile enchantments, extremely
unstealthy
A: damage resistance, recharge devices, sense surroundings 1, slow regeneration
3
a: Device Recharging, Renounce Religion


You were on level 7 of the Dungeon.
You worshipped Makhleb.
Makhleb was noncommittal.
You were not hungry.

You visited 2 branches of the dungeon, and saw 8 of its levels.
You also visited: Sewer.

You collected 227 gold pieces.

Inventory:

Hand Weapons
 a - a +0 war axe (weapon)
 y - a +1 whip of electrocution
Armour
 b - a +0 scale mail (worn)
 c - a +0 shield (worn)
 i - a +0 helmet (worn)
 k - a +0 pair of boots (worn)
 q - a +0 pair of gloves (worn)
 s - a +0 cloak (worn)
Jewellery
 o - an amulet of harm (around neck)
 u - a ring of wizardry (left hand)
 v - a ring of see invisible (right hand)
Wands
 e - a wand of heal wounds (0/9)
 B - a wand of lightning (10/15)
 H - a wand of random effects (22/48)
Scrolls
 p - a scroll of magic mapping {unknown}
 t - 2 scrolls of enchant armour {unknown}
 w - 2 scrolls of remove curse
 x - a scroll of recharging {unknown}
 z - 5 scrolls of teleportation
 A - 3 scrolls of fear
 E - 2 scrolls of enchant weapon {unknown}
 F - a scroll of acquirement {unknown}
 G - a scroll of identify {unknown}
 L - a scroll of blinking {unknown}
Potions
 d - 4 potions of might
 h - 3 potions of heal wounds {unknown}
 j - a potion of agility {unknown}
 l - a potion of mutation {unknown}
 m - 3 potions of degeneration {unknown}
 n - 6 potions of curing {unknown}
 C - 3 potions of magic {unknown}
 I - a potion of haste {unknown}
 J - a potion of flight {unknown}
Books
 r - a book of Frost

   Spells                             Type                      Level
   a - Freeze                         Ice                          1
   b - Throw Frost                    Conjuration/Ice              2
   c - Ozocubu's Armour               Charms/Ice                   3
   d - Throw Icicle                   Conjuration/Ice              4
   e - Summon Ice Beast               Ice/Summoning                4
 K - a Young Poisoner's Handbook

   Spells                             Type                      Level
   a - Sting                          Conjuration/Poison           1
   b - Cure Poison                    Poison                       2
   c - Mephitic Cloud                 Conjuration/Poison/Air       3
   d - Olgreb's Toxic Radiance        Poison                       4
   e - Venom Bolt                     Conjuration/Poison           5
Comestibles
 f - 4 bread rations
 g - a beef jerky
 D - 2 slices of pizza
 M - a meat ration


   Skills:
 * Level 7.8 Fighting
 - Level 2.1 Axes
 + Level 6.8 Armour
 + Level 7.0 Shields


You had 7 spell levels left.
You didn't know any spells.

Dungeon Overview and Level Annotations

Branches:
Dungeon (7/15)             Temple (1/1) D:6

Altars:
Cheibriados
Dithmenos
Elyvilon
Fedhas
Gozag
Makhleb
Okawaru
Pakellas
Qazlal
Ru
Sif Muna
Trog
Vehumet
Zin


Innate Abilities, Weirdness & Mutations

You are resistant to damage.
You can recharge devices by infusing magical energy.
You passively map a small area around you.
You do not regenerate naturally.


Message History

The orc priest hits you with a short sword.
* * * LOW HITPOINT WARNING * * *
An orc wizard comes into view. It is wielding a dagger.
You are too injured to fight recklessly!
You are too injured to fight recklessly!
You are too injured to fight recklessly!
You are too injured to fight recklessly!
You closely miss the orc priest.
The orc priest mumbles some strange prayers to Beogh against you.
Beogh smites you!
* * * LOW HITPOINT WARNING * * *
Evoke which item? (* to show all) (? for menu, Esc to quit)
Okay, then.
Unknown command.
Unknown command.
Unknown command.
There is a stone staircase leading up here.
The orc priest calls down the wrath of Beogh upon you.
Beogh smites you!
You die...

, #.# *
#.# #>#
#.# * #.#
*, #.#
#.# * #@#
, #.# #o#
, #.# #o#
* #.# *,
#o#*
#o..oo...
######...
,


You could see an orc priest, an orc wizard and 2 orcs.

Vanquished Creatures
  The ghost of lorenzova the Covered, a novice DDFi of Qazlal (D:5)
  Menkaure (D:5)
  3 ogres
  The ghost of Rekenzichi the Poker, an amateur DrGl (Sewer)
  A phantom (D:4)
  A howler monkey (D:5)
  A giant frog zombie (D:5)
  3 crimson imps
  A hound (D:4)
  An orc priest (D:6)
  Crazy Yiuf (D:5)
  3 iguanas
  2 orc wizards (D:5)
  5 worker ants
  3 gnolls (D:3)
  15 adders
  2 oozes (D:1)
  2 adder skeletons
  2 worms
  A dart slug (D:1)
  A giant gecko (D:6)
  7 orcs
  9 ball pythons
  10 bats
  8 giant cockroaches
  5 goblins
  7 hobgoblins
  23 jackals
  10 kobolds
  3 quokkas
  7 giant newts
  A jackal skeleton (D:4)
  14 rats
  A butterfly (D:6)
  3 fungi (D:5)
  7 plants (Sewer)
166 creatures vanquished.

Vanquished Creatures (others)
  2 plants (Sewer)
2 creatures vanquished.

Grand Total: 168 creatures vanquished

Notes
Turn   | Place    | Note
--------------------------------------------------------------
     0 | D:1      | lorenzova the Deep Dwarf Fighter began the quest for the Orb.
     0 | D:1      | Reached XP level 1. HP: 20/20 MP: 1/1
   170 | D:1      | Reached XP level 2. HP: 28/28 MP: 2/2
   358 | D:1      | Reached XP level 3. HP: 34/34 MP: 3/3
   875 | D:2      | Found an opulent altar of Gozag.
   875 | D:2      | Found a radiant altar of Vehumet.
  1207 | D:2      | Reached XP level 4. HP: 40/44 MP: 4/4
  1554 | D:3      | Reached XP level 5. HP: 35/50 MP: 5/5
  1559 | D:3      | Found a glowing drain.
  1589 | Sewer    | Entered a sewer
  1689 | Sewer    | Noticed Rekenzichi's ghost (amateur DrGl)
  1707 | Sewer    | Killed Rekenzichi's ghost
  1752 | Sewer    | Reached XP level 6. HP: 51/60 MP: 6/6
  2343 | D:3      | Found a snail-covered altar of Cheibriados.
  2568 | D:3      | Reached skill level 5 in Fighting
  2568 | D:3      | Reached skill level 5 in Shields
  2789 | D:4      | Noticed a moth of wrath
  2792 | D:4      | Found a bloodstained altar of Trog.
  2829 | D:4      | Reached skill level 5 in Armour
  2829 | D:4      | Reached XP level 7. HP: 22/67 MP: 6/6
  3424 | D:5      | Entered Level 5 of the Dungeon
  3488 | D:5      | Noticed Menkaure
  3495 | D:5      | Killed Menkaure
  3634 | D:5      | Reached XP level 8. HP: 52/78 MP: 7/7
  3822 | D:5      | Noticed lorenzova's ghost (novice DDFi)
  3845 | D:5      | Killed lorenzova's ghost
  4214 | D:5      | Noticed Crazy Yiuf
  4225 | D:5      | Killed Crazy Yiuf
  4411 | D:6      | Found a staircase to the Ecumenical Temple.
  4441 | Temple   | Entered the Ecumenical Temple
  4587 | Temple   | Became a worshipper of Makhleb the Destroyer
  4967 | D:7      | HP: 3/81 [orc priest/divine providence (19)]
  4973 | D:7      | Killed from afar by an orc priest

Skill      XL: |  1  2  3  4  5  6  7  8 |
---------------+-------------------------+-----
Fighting       | 3 4 5 6 7 |  7.8
Shields        | 4 5 6 7 |  7.0
Armour         | 4 5 6 |  6.8
Axes           | |  2.1

Action                   |  1- 3 |  4- 6 |  7- 9 || total
-------------------------+-------+-------+-------++-------
Melee: War axe           |   109 |   228 |   240 ||   577
       Whip              |       |    50 |       ||    50
 Abil: Device Recharging |       |     1 |       ||     1
Evoke: Wand              |       |     5 |     6 ||    11
  Use: Scroll            |       |       |     3 ||     3
  Eat: Chunk             |       |     6 |     4 ||    10
       Pizza             |       |     1 |       ||     1
       Meat ration       |       |       |     1 ||     1
Armor: Scale mail        |    62 |   150 |   115 ||   327
Dodge: Dodged            |    36 |    77 |    71 ||   184
Block: Shield            |    83 |   135 |   141 ||   359
